 Dungeon Crawl Stone Soup version 0.31-a0-157-g0643eb4156 (webtiles) character file.

Game seed: 2900399751056407805

3555 qw the Cleaver (level 10, -7/63 HPs)
             Began as a Gargoyle Fighter on June 12, 2023.
             Was a Believer of Okawaru.
             Mangled by an unseen horror (8 damage)
             ... on level 7 of the Dungeon.
             The game lasted 00:03:20 (6963 turns).

qw the Cleaver (Gargoyle Fighter)                   Turns: 6963, Time: 00:03:21

Health: -7/63      AC: 26    Str: 24    XL:     10   Next: 9%
Magic:  13/13      EV:  7    Int:  9    God:    Okawaru [**....]
Gold:   511        SH:  4    Dex:  9    Spells: 9/9 levels left

rFire   + . .        Y - +2 war axe
rCold   + . .        c - +0 buckler
rNeg    + . .        r - +4 plate armour of the Cockatrice {rF+}
rPois   inf          (no helmet)
rElec   +            l - +0 cloak
rCorr   .            (no gloves)
SInv    .            h - +0 pair of boots
Will    .....        (no amulet) Stlth
                     k - ring of protection from cold
HPRegen 0.30/turn    s - +4 ring of slaying {mikee}
MPRegen 0.13/turn

%: no passive effects
@: no status effects
A: sickness immunity, AC +7, negative energy resistance 1, electricity
resistance, torment resistance 1, petrification resistance
a: Renounce Religion, Heroism


You were on level 7 of the Dungeon.
You worshipped Okawaru.
Okawaru was pleased with you.
You visited 2 branches of the dungeon, and saw 8 of its levels.
You also visited: Ossuary.

You collected 649 gold pieces.
You spent 138 gold pieces at shops.


Innate Abilities, Weirdness & Mutations

You are immune to sickness and miasma.
Your stone body is resilient. (AC +7)
You are immune to poison.
You resist negative energy. (rN+)
You are resistant to electric shocks. (rElec)
You are resistant to unholy torment.
You are immune to petrification.


   Skills:
 + Level 7.5 Fighting
 - Level 10.0 Axes
 - Level 1.3 Throwing
 - Level 6.0 Armour
 - Level 1.0 Dodging
 - Level 4.1 Shields
 - Level 4.1 Invocations


You had 9 spell levels left.
You didn't know any spells.
Your spell library was empty.

Inventory:

Hand Weapons
 b - a +0 mace of holy wrath
 q - a +0 flail
 Y - a +2 war axe (weapon)
Armour
 c - a +0 buckler (worn)
 h - a +0 pair of boots (worn)
 l - a +0 cloak (worn)
 r - the +4 plate armour of the Cockatrice (worn) {rF+}
   (You found it on level 5 of the Dungeon)

   rF:        It protects you from fire.
Jewellery
 k - a ring of protection from cold (left hand)
 o - a +6 ring of dexterity
 s - a +4 ring of slaying (right hand) {mikee}
Scrolls
 p - 2 scrolls of teleportation
 v - 2 scrolls of identify
Potions
 a - a potion of resistance
 d - 3 potions of might
 e - a potion of lignification
 f - 3 potions of curing
 g - a potion of magic
 i - 2 potions of heal wounds
 j - a potion of haste
 n - a potion of cancellation
 u - a potion of degeneration {unknown}

Dungeon Overview and Level Annotations

Branches:
Dungeon (7/15)             Temple (1/1) D:6         Ossuary (visited)

Altars:
Ashenzari
Cheibriados
Dithmenos
Elyvilon
Fedhas
Gozag
Hepliaklqana
Kikubaaqudgha
Makhleb
Nemelex Xobeh
Okawaru
Qazlal
Ru
Sif Muna
Trog
Uskayaw
Vehumet
Wu Jian
Xom
Yredelemnul
Zin
The Shining One

Shops:
D:1 (   D:2 (   D:4 =   D:7 ?


Message History

You bump into the stone wall.
Something hits you. Something bites you but does no damage.
6957 ||| DRINKING 4 potions of curing.
You feel better.
6957 ||| (to cure confusion)
You feel like a meek peon again. Something hits you but does no damage.
Something bites you but does no damage.
You slash something! Something hits you but does no damage.
Something bites you.
6959 ||| FLEEEEING.
Enter note:
Enter note:
Enter note:
Enter note:
Enter note:
Enter note:
Enter note:
Enter note:
Enter note:
Enter note:
Enter note:
Enter note:
6961 ||| FLEEEEING.
Something hits you. Something bites you but does no damage.
Enter note:
Enter note:
Enter note:
Enter note:
Enter note:
Enter note:
6962 ||| FLEEEEING.
Something hits you! Something bites you but does no damage. Something hits you!
Something hits you but does no damage.
Enter note:
Enter note:
Enter note:
Enter note:
Enter note:
Enter note:
6963 ||| FLEEEEING.
You closely miss something. x2
Something hits you!
You die...

#.......#......#..##..)..##..##
#.......####.....##)..##..## ..
#...............##....##...####
#...............#....)...#..#.#
#
####........###.#.####..###.##.
## #........ #..............#%
8# #.######. #.#.##........#.#
## #.# #..##{#. ##.......#.. #
#.#######..@.## ...#...####
#......#####{.##..# #..#
######......# ##..## ...#
............# ##..# #.###
....)...###.# ##o##.##.# #
........# #.# #.#%##)##.#
........# #.### #.))#)#.).#
........# #...# #.##{##Y#V#
........# ###.######.#.##.## #


You could see an orc.

Vanquished Creatures
  A two-headed ogre (D:7)
  A troll (D:7)
  A yak (D:7)
  2 water moccasins (D:6)
  2 black bears
  An orc warrior (D:7)
  An ice beast (D:4)
  An ogre (D:4)
  2 centaurs (D:7)
  A phantom (D:5)
  3 bullfrogs
  A gnoll sergeant (D:6)
  Blork the orc (D:6)
  3 scorpions (D:5)
  2 wights (D:7)
  A howler monkey (D:5)
  5 jellies
  4 hounds
  2 gnoll boudas (D:7)
  4 orc priests
  A sleepcap (D:7)
  3 iguanas
  4 orc wizards
  8 mummies (Ossuary)
  3 gnolls (D:6)
  7 adders
  An ufetubus (D:4)
  4 worms
  4 dart slugs
  16 orcs
  12 endoplasms
  A giant cockroach (D:2)
  A goblin (D:1)
  7 hobgoblins
  2 jackals (D:2)
  9 kobolds
  6 quokkas
  4 ball pythons
  7 bats
  4 frilled lizards
  5 hobgoblin zombies (Ossuary)
  A kobold zombie (Ossuary)
  2 orc zombies (Ossuary)
  5 rats
156 creatures vanquished.

Vanquished Creatures (others)
  A deep elf pyromancer (D:7)
1 creature vanquished.

Grand Total: 157 creatures vanquished

Notes
Turn   | Place    | Note
-------+----------+-------------------------------------------
     0 | D:1      | qw the Gargoyle Fighter began the quest for the Orb.
     0 | D:1      | Reached XP level 1. HP: 14/14 MP: 1/1
     0 | D:1      | 0 ||| qw: Version: 0.2-a-29-gc1b59c4
     0 | D:1      | 0 ||| qw: Game counter: 4159
     0 | D:1      | 0 ||| qw: Always use a shield: true
     0 | D:1      | 0 ||| qw: God list: Okawaru
     0 | D:1      | 0 ||| qw: Allow faded altars: false
     0 | D:1      | 0 ||| qw: Do Orc after D:15 true
     0 | D:1      | 0 ||| qw: Do second Lair branch before Depths: true
     0 | D:1      | 0 ||| qw: Lair rune preference: random
     0 | D:1      | 0 ||| qw: Plans: Normal, Zot:1-4, Slime:5, God:TSO, Crypt,
                  | Tomb, Abyss, Pan, Hells, Win
     0 | D:1      | 0 ||| PLANNING D:1-11
     8 | D:1      | 8 ||| Stepping ~*~*~tactically~*~*~ (hiding).
    10 | D:1      | 10 ||| Stepping ~*~*~tactically~*~*~ (hiding).
    24 | D:1      | Reached skill level 2 in Axes
    36 | D:1      | Found Eliwkuhan's Antique Weapon Shop.
    42 | D:1      | 42 ||| SHOPLISTING +10 morningstar "Eos" {elec, Halo rElec}
                  | (1184 gold, have 0).
    42 | D:1      | 42 ||| SHOPLISTING runed demon whip (288 gold, have 0).
   184 | D:1      | Reached XP level 2. HP: 19/19 MP: 2/2
   403 | D:1      | 403 ||| DROPPING +0 club.
   432 | D:1      | Reached skill level 3 in Axes
   603 | D:1      | 603 ||| READING scroll labelled ANO QORAES.
   604 | D:1      | 604 ||| DRINKING 2 fizzy emerald potions.
   605 | D:1      | 605 ||| DRINKING 2 emerald potions.
   632 | D:2      | 632 ||| Stepping ~*~*~tactically~*~*~ (hiding).
   636 | D:2      | 636 ||| Stepping ~*~*~tactically~*~*~ (hiding).
   637 | D:2      | 637 ||| Stepping ~*~*~tactically~*~*~ (hiding).
   642 | D:2      | Reached XP level 3. HP: 23/23 MP: 3/3
   781 | D:2      | Found a faded altar of an unknown god.
  1008 | D:2      | Found Jawefab's Weapon Shop.
  1018 | D:2      | 1018 ||| SHOPLISTING +4 mace of the Yoke {heavy, Drain
                  | Str+5} (522 gold, have 46).
  1192 | D:2      | 1192 ||| Stepping ~*~*~tactically~*~*~ (hiding).
  1193 | D:2      | 1193 ||| Stepping ~*~*~tactically~*~*~ (hiding).
  1196 | D:2      | 1196 ||| Stepping ~*~*~tactically~*~*~ (hiding).
  1473 | D:2      | 1473 ||| UPGRADING to +0 pair of boots.
  1478 | D:2      | 1478 ||| READING scroll labelled XUGHONW NUEQO.
  1683 | D:3      | 1683 ||| Stepping ~*~*~tactically~*~*~ (stealth).
  1689 | D:3      | 1689 ||| Stepping ~*~*~tactically~*~*~ (stealth).
  1703 | D:3      | 1703 ||| DRINKING 3 potions of curing.
  1703 | D:3      | 1703 ||| (to cure confusion)
  1715 | D:3      | HP: 1/23 [something/magic dart (8)]
  1718 | D:3      | Reached skill level 4 in Axes
  1718 | D:3      | Reached XP level 4. HP: 2/28 MP: 4/4
  1720 | D:3      | HP: 2/28 [orc/+0 club (1)]
  1863 | D:3      | 1863 ||| DROPPING +0 whip.
  2222 | D:3      | Identified the +9 dagger of the Present {speed, Fly}
  2223 | D:3      | You fall into a shaft and drop 3 floors!
  2264 | D:6      | Reached XP level 5. HP: 15/32 MP: 5/5
  2359 | D:6      | 2359 ||| UPGRADING to +0 chain mail.
  2369 | D:6      | 2369 ||| DROPPING +0 scale mail.
  2370 | D:6      | 2370 ||| UPGRADING to ring of protection from cold.
  2371 | D:6      | 2371 ||| UPGRADING to +4 ring of slaying {mikee}.
  2372 | D:6      | 2372 ||| READING scroll labelled RITSAOLUITS.
  2374 | D:6      | Found a staircase to the Ecumenical Temple.
  2375 | D:6      | 2375 ||| PLANNING TEMPLE
  2375 | D:6      | 2375 ||| READING scroll labelled UDOUPS PAUMA.
  2376 | D:6      | 2376 ||| READING scroll labelled NACACI CUECEQO.
  2377 | D:6      | 2377 ||| READING scroll labelled KODUQO KA ETY.
  2378 | D:6      | 2378 ||| READING scroll labelled IFOS YPPI ATH.
  2379 | D:6      | 2379 ||| DRINKING 2 sedimented yellow potions.
  2386 | Temple   | Entered the Ecumenical Temple
  2426 | Temple   | 2426 ||| PLANNING OKAWARU WORSHIP
  2583 | Temple   | Became a worshipper of Warmaster Okawaru
  2583 | Temple   | 2583 ||| PLANNING D:1-11
  2631 | D:6      | Reached skill level 5 in Axes
  2637 | D:6      | 2637 ||| Stepping ~*~*~tactically~*~*~ (stealth).
  2751 | D:6      | Noticed Blork the orc
  2752 | D:6      | Noticed a water moccasin
  2762 | D:6      | Killed a water moccasin
  2762 | D:6      | Killed Blork the orc
  2762 | D:6      | Reached * piety under Okawaru
  2763 | D:6      | Reached XP level 6. HP: 16/40 MP: 6/6
  2763 | D:6      | 2763 ||| INVOKING Heroism.
  2856 | D:6      | 2856 ||| DROPPING +0 mace.
  2911 | D:6      | Noticed a water moccasin
  2916 | D:6      | Killed a water moccasin
  2917 | D:6      | Reached skill level 1 in Invocations
  2917 | D:6      | Reached XP level 7. HP: 44/44 MP: 6/8
  2981 | D:6      | 2981 ||| INVOKING Heroism.
  3068 | D:6      | Reached skill level 6 in Axes
  3159 | D:6      | 3159 ||| DROPPING ring of wizardry.
  3166 | D:5      | Entered Level 5 of the Dungeon
  3167 | D:5      | 3167 ||| INVOKING Heroism.
  3175 | D:5      | HP: 11/44 [orc priest/+0 whip (2)]
  3176 | D:5      | 3176 ||| READING scroll of teleportation.
  3178 | D:5      | HP: 5/44 [black bear (6)]
  3198 | D:5      | 3198 ||| FLEEEEING.
  3200 | D:5      | 3200 ||| STAIRDANCE
  3202 | D:4      | 3202 ||| INVOKING Heroism.
  3214 | D:4      | 3214 ||| Stepping ~*~*~tactically~*~*~ (stealth).
  3217 | D:4      | 3217 ||| INVOKING Heroism.
  3372 | D:4      | Found Tagaxt's Jewellery Boutique.
  3383 | D:4      | 3383 ||| SHOPLISTING +4 ring of protection (396 gold, have
                  | 191).
  3383 | D:4      | 3383 ||| SHOPLISTING +6 ring of strength (396 gold, have
                  | 191).
  3383 | D:4      | 3383 ||| SHOPLISTING amulet "Cayho" {RegenMP Rampage Regen+
                  | Int+4} (499 gold, have 191).
  3383 | D:4      | 3383 ||| SHOPLISTING amulet of guardian spirit (330 gold,
                  | have 191).
  3383 | D:4      | 3383 ||| SHOPLISTING ring of fire (275 gold, have 191).
  3383 | D:4      | 3383 ||| SHOPLISTING ring of ice (275 gold, have 191).
  3383 | D:4      | 3383 ||| SHOPLISTING ring of willpower (275 gold, have
                  | 191).
  3467 | D:4      | 3467 ||| READING scroll labelled DOGUDAFR VACO.
  3767 | D:3      | 3767 ||| UPGRADING to +0 cloak.
  3793 | D:4      | Reached skill level 1 in Dodging
  3922 | D:4      | 3922 ||| Stepping ~*~*~tactically~*~*~ (stealth).
  3933 | D:4      | 3933 ||| FLEEEEING.
  3934 | D:4      | 3934 ||| FLEEEEING.
  3935 | D:4      | 3935 ||| FLEEEEING.
  3936 | D:4      | 3936 ||| FLEEEEING.
  3937 | D:4      | 3937 ||| FLEEEEING.
  3939 | D:4      | 3939 ||| FLEEEEING.
  3940 | D:4      | 3940 ||| FLEEEEING.
  3941 | D:4      | 3941 ||| FLEEEEING.
  3942 | D:4      | 3942 ||| FLEEEEING.
  3943 | D:4      | 3943 ||| FLEEEEING.
  3944 | D:4      | 3944 ||| FLEEEEING.
  3945 | D:4      | 3945 ||| FLEEEEING.
  3946 | D:4      | 3946 ||| FLEEEEING.
  3947 | D:4      | 3947 ||| FLEEEEING.
  3948 | D:4      | 3948 ||| FLEEEEING.
  3949 | D:4      | 3949 ||| FLEEEEING.
  3950 | D:4      | 3950 ||| FLEEEEING.
  3951 | D:4      | 3951 ||| FLEEEEING.
  3952 | D:4      | 3952 ||| FLEEEEING.
  3953 | D:4      | 3953 ||| FLEEEEING.
  3954 | D:4      | 3954 ||| FLEEEEING.
  3955 | D:4      | 3955 ||| FLEEEEING.
  3956 | D:4      | 3956 ||| FLEEEEING.
  4190 | D:4      | Reached skill level 3 in Invocations
  4211 | D:4      | 4211 ||| Stepping ~*~*~tactically~*~*~ (stealth).
  4224 | D:4      | Reached XP level 8. HP: 49/49 MP: 10/10
  4911 | D:5      | Reached skill level 7 in Axes
  5023 | D:5      | Identified the +4 plate armour of the Cockatrice {rF+}
  5050 | D:5      | 5050 ||| INVOKING Heroism.
  5209 | D:5      | 5209 ||| Stepping ~*~*~tactically~*~*~ (stealth).
  5210 | D:5      | 5210 ||| Stepping ~*~*~tactically~*~*~ (stealth).
  5215 | D:5      | 5215 ||| INVOKING Heroism.
  5265 | D:5      | 5265 ||| Stepping ~*~*~tactically~*~*~ (hiding).
  5268 | D:5      | 5268 ||| INVOKING Heroism.
  5271 | D:5      | Reached skill level 8 in Axes
  5291 | D:5      | 5291 ||| INVOKING Heroism.
  5552 | D:5      | Found a broken altar of Ashenzari.
  5558 | D:5      | Found an ornate altar of the Wu Jian Council.
  5663 | D:5      | 5663 ||| UPGRADING to +4 plate armour of the Cockatrice
                  | {rF+}.
  5673 | D:5      | 5673 ||| DROPPING +0 chain mail.
  5674 | D:5      | 5674 ||| READING scroll labelled ZEG GEATWAIR.
  5675 | D:5      | 5675 ||| DRINKING 2 murky emerald potions.
  6014 | D:7      | 6014 ||| PLANNING OSSUARY
  6052 | D:7      | 6052 ||| Stepping ~*~*~tactically~*~*~ (stealth).
  6054 | D:7      | 6054 ||| Stepping ~*~*~tactically~*~*~ (stealth).
  6055 | D:7      | 6055 ||| Stepping ~*~*~tactically~*~*~ (stealth).
  6057 | D:7      | 6057 ||| Stepping ~*~*~tactically~*~*~ (hiding).
  6058 | D:7      | 6058 ||| Stepping ~*~*~tactically~*~*~ (hiding).
  6059 | D:7      | 6059 ||| INVOKING Heroism.
  6090 | D:7      | 6090 ||| READING scroll labelled SOUFRY WUUHO.
  6092 | D:7      | 6092 ||| Stepping ~*~*~tactically~*~*~ (hiding).
  6095 | D:7      | 6095 ||| Stepping ~*~*~tactically~*~*~ (hiding).
  6215 | D:7      | Reached skill level 1 in Throwing
  6218 | D:7      | 6218 ||| Stepping ~*~*~tactically~*~*~ (hiding).
  6224 | D:7      | Reached XP level 9. HP: 55/55 MP: 12/12
  6246 | D:7      | 6246 ||| Stepping ~*~*~tactically~*~*~ (hiding).
  6248 | D:7      | 6248 ||| Stepping ~*~*~tactically~*~*~ (hiding).
  6249 | D:7      | 6249 ||| Stepping ~*~*~tactically~*~*~ (hiding).
  6250 | D:7      | 6250 ||| Stepping ~*~*~tactically~*~*~ (hiding).
  6252 | D:7      | 6252 ||| INVOKING Heroism.
  6254 | D:7      | Reached skill level 6 in Fighting
  6270 | D:7      | 6270 ||| Stepping ~*~*~tactically~*~*~ (stealth).
  6276 | D:7      | Noticed a troll
  6277 | D:7      | 6277 ||| Stepping ~*~*~tactically~*~*~ (stealth).
  6280 | D:7      | 6280 ||| INVOKING Heroism.
  6281 | D:7      | 6281 ||| Stepping ~*~*~tactically~*~*~ (stealth).
  6290 | D:7      | Killed a troll
  6352 | D:7      | 6352 ||| INVOKING Heroism.
  6354 | D:7      | Noticed a boulder beetle
  6370 | D:7      | 6370 ||| INVOKING Heroism.
  6376 | D:7      | HP: 3/55 [boulder beetle (17)]
  6377 | D:7      | 6377 ||| READING 2 scrolls of teleportation.
  6378 | D:7      | 6378 ||| DRINKING potion of heal wounds.
  6451 | D:7      | 6451 ||| INVOKING Heroism.
  6468 | D:7      | Found Waumifeu's Magic Scroll Shoppe.
  6480 | D:7      | 6480 ||| BUYING 2 scrolls of identify (48 gold).
  6480 | D:7      | Bought 2 scrolls of identify for 48 gold pieces
  6480 | D:7      | 6480 ||| BUYING scroll of enchant weapon (90 gold).
  6480 | D:7      | Bought a scroll of enchant weapon for 90 gold pieces
  6480 | D:7      | 6480 ||| READING 2 scrolls of enchant weapon.
  6480 | D:7      | 6480 ||| ENCHANTING +0 war axe.
  6484 | D:7      | Reached skill level 9 in Axes
  6484 | D:7      | 6484 ||| READING scroll of enchant weapon.
  6484 | D:7      | 6484 ||| ENCHANTING +1 war axe.
  6507 | D:7      | Found a sand-covered staircase.
  6508 | D:7      | 6508 ||| READING scroll labelled GYMONA NUCWUOSK.
  6509 | D:7      | 6509 ||| READING 2 scrolls of identify.
  6509 | D:7      | 6509 ||| IDENTIFYING fuming grey potion
  6516 | Ossuary  | Entered an ossuary
  6678 | Ossuary  | 6678 ||| DRINKING 2 bubbling puce potions.
  6783 | Ossuary  | 6783 ||| READING 4 scrolls of identify.
  6783 | Ossuary  | 6783 ||| IDENTIFYING green potion
  6784 | Ossuary  | 6784 ||| READING 3 scrolls of identify.
  6784 | Ossuary  | 6784 ||| IDENTIFYING murky grey potion
  6785 | Ossuary  | 6785 ||| READING 2 scrolls of identify.
  6785 | Ossuary  | 6785 ||| IDENTIFYING sapphire potion
  6786 | Ossuary  | 6786 ||| DROPPING potion of ambrosia.
  6787 | Ossuary  | 6787 ||| DROPPING potion of berserk rage.
  6813 | D:7      | 6813 ||| PLANNING D:1-11
  6850 | D:7      | 6850 ||| INVOKING Heroism.
  6895 | D:7      | Reached skill level 6 in Armour
  6927 | D:7      | Noticed a deep elf pyromancer
  6931 | D:7      | Noticed a two-headed ogre
  6932 | D:7      | 6932 ||| INVOKING Heroism.
  6936 | D:7      | Killed a deep elf pyromancer
  6941 | D:7      | Killed a two-headed ogre
  6941 | D:7      | HP: 14/57 [something (8)]
  6942 | D:7      | Reached skill level 10 in Axes
  6942 | D:7      | Reached XP level 10. HP: 15/63 MP: 11/13
  6942 | D:7      | 6942 ||| FLEEEEING.
  6943 | D:7      | 6943 ||| FLEEEEING.
  6945 | D:7      | 6945 ||| FLEEEEING.
  6946 | D:7      | 6946 ||| Stepping ~*~*~tactically~*~*~ (stealth).
  6950 | D:7      | Reached ** piety under Okawaru
  6957 | D:7      | 6957 ||| DRINKING 4 potions of curing.
  6957 | D:7      | 6957 ||| (to cure confusion)
  6959 | D:7      | 6959 ||| FLEEEEING.
  6961 | D:7      | 6961 ||| FLEEEEING.
  6961 | D:7      | HP: 15/63 [something (4)]
  6962 | D:7      | 6962 ||| FLEEEEING.
  6962 | D:7      | HP: 1/63 [something (7)]
  6963 | D:7      | 6963 ||| FLEEEEING.
  6963 | D:7      | Mangled by an unseen horror

Levels and vault maps discovered:
D:1:      minmay_arrival_stone_box, layout_basic, serial_shops, shop,
          minivault_25, grunt_decor_clamped
D:2:      layout_basic, serial_shops, nicolae_shop_getting_attention,
          shapermc_ecumenical_altar_mp_ritualfount, minmay_gold_behind_fungi
D:3:      layout_loops_corners, minmay_quantized
D:4:      layout_layer_cave, serial_shops, nicolae_shop_stone
D:5:      layout_loops_cross, mainiacjoe_overflow_big_doors,
          amcnicky_mini_pool_medium
D:6:      layout_basic, minmay_temple_entry_antechambers, uniq_blork_the_orc
D:7:      minmay_the_grid_octo_tiled_octocenter [minmay_the_grid_octo_77,
          minmay_the_grid_octo_horde, minmay_the_grid_octo_tetromino_candy,
          minmay_the_grid_octo_checkered, minmay_the_grid_octo_prize_big_c,
          minmay_the_grid_square_5x5_slash, minmay_the_grid_square_5x5_n_small,
          minmay_the_grid_square_5x5_gyroscope,
          minmay_the_grid_square_5x5_bite], layout_basic,
          chequers_ossuary_entry_cave, serial_shops, shop
Temple:   nicolae_temple_slightly_damp_pantheon

Skill      XL: |  1  2  3  4  5  6  7  8  9 |
---------------+----------------------------+-----
Axes           | 2 3 4 5 6 8 10 | 10.0
Fighting       | 5 7 |  7.5
Invocations    | 1 3 4 |  4.1
Dodging        | 1 |  1.0
Armour         | 4 6 |  6.0
Throwing       | 1 |  1.3
Shields        | 4 |  4.1

Action                     |  1- 3 |  4- 6 |  7- 9 | 10-12 || total
---------------------------+-------+-------+-------+-------++-------
  Melee: War axe           |   114 |    68 |   217 |     7 ||   406
  Throw: Boomerang         |    27 |       |    46 |       ||    73
 Invoke: Heroism           |       |     1 |    16 |       ||    17
    Use: Potion            |     3 |     1 |     3 |     1 ||     8
         Scroll            |     2 |     5 |    12 |       ||    19
 Armour: Scale mail        |    69 |    13 |       |       ||    82
         Chain mail        |       |    20 |    72 |       ||    92
         Plate armour      |       |       |    46 |    10 ||    56
  Dodge: Dodged            |    33 |    27 |    83 |     2 ||   145
  Block: Buckler           |    19 |    10 |    39 |     1 ||    69

Table legend:
 A = Non-vault XP
 B = Vault XP
 C = Vault XP percentage of total XP
 D = Non-vault monster count
 E = Vault monster count
 F = Vault count percentage of total count
                 A         B        C        D         E       F
            +---------+---------+-------+---------+---------+-------
      Total |    2516 |    2563 |  50.5 |     115 |      42 |  26.8
            +---------+---------+-------+---------+---------+-------
        D:1 |      30 |       0 |   0.0 |      19 |       0 |   0.0
        D:2 |      40 |       0 |   0.0 |      17 |       0 |   0.0
        D:3 |      66 |      20 |  23.3 |      16 |       4 |  20.0
        D:4 |     356 |       0 |   0.0 |      22 |       0 |   0.0
        D:5 |     832 |     143 |  14.7 |      22 |       5 |  18.5
        D:6 |     662 |      87 |  11.6 |      11 |       1 |   8.3
        D:7 |     530 |    2160 |  80.3 |       8 |      16 |  66.7
    Ossuary |       0 |     153 | 100.0 |       0 |      16 | 100.0
            +---------+---------+-------+---------+---------+-------
